 Dungeon Sprint DCSS version 0.28.0-43-g3370ac3207 (webtiles) character file.

Game seed: 1090425081458744785

10912 boopmooplesden the Severer (level 11, -8/121 HPs)
             Began as a Minotaur Berserker on Mar 5, 2022.
             Was the Champion of Trog.
             Killed by divine providence
             ... invoked by a deep elf high priest
              (11 damage)
             ... in the Dungeon (Sprint II: "The Violet Keep of Menkaure").
             The game lasted 00:07:43 (3367 turns).

boopmooplesden the Severer (Minotaur Berserker)     Turns: 3367, Time: 00:07:44

Health: -8/121     AC: 22    Str: 26    XL:     11   Next: 42%
Magic:  3/3        EV: 12    Int:  4    God:    Trog [******]
Gold:   316        SH:  5    Dex: 10    Spells: 10/10 levels left

rFire   . . .      SeeInvis .   z - +5 battleaxe (antimagic)
rCold   . . .      Faith    .   (shield currently unavailable)
rNeg    . . .      Spirit   .   j - +4 chain mail {rPois}
rPois   +          Reflect  +   i - +2 hat
rElec   .          Harm     .   k - scarf {shadows}
rCorr   .          Rampage  .   (no gloves)
Will    .....      NoTele   +   q - +0 pair of boots
Stlth   ..........              x - amulet of reflection
HPRegen 0.30/turn               y - ring of flight
MPRegen 0.08/turn               (no ring)

@: on berserk cooldown, flying, slowed, very slow
A: horns 2, retaliatory headbutt, poison resistance, no potion heal 1
a: Renounce Religion, Berserk, Trog's Hand, Brothers in Arms


You were in the Dungeon.
You worshipped Trog.
Trog was exalted by your worship.
You visited 1 branch You collected 1711 gold pieces.
You spent 1395 gold pieces at shops.

Inventory:

Hand Weapons
 a - a +0 hand axe
 t - a +1 broad axe of flaming
 u - a +5 antimagic war axe
 z - a +5 antimagic battleaxe (weapon)
Armour
 b - a +0 animal skin
 i - a +2 hat (worn)
 j - a +4 chain mail of poison resistance (worn)
 k - a scarf of shadows (worn)
 q - a +0 pair of boots (worn)
 v - the +1 chain mail of Resonant the Leaf {rC- Int+4 Dex+4}
   (You bought it in a shop in the Dungeon)

   Int:       It affects your intelligence (+4).
   Dex:       It affects your dexterity (+4).
   rC:        It makes you vulnerable to cold.
Jewellery
 x - an amulet of reflection (around neck)
 y - a ring of flight (left hand)
Scrolls
 h - 2 scrolls of blinking
 l - 2 scrolls of immolation
 s - a scroll of amnesia
Potions
 c - 4 potions of curing
 d - 2 potions of heal wounds
 e - 2 potions of haste
 f - 5 potions of magic
 g - a potion of berserk rage
 m - 2 potions of might {unknown}
 n - 2 potions of mutation {unknown}
 o - a potion of lignification {unknown}
 r - 4 potions of flight
 w - 2 potions of resistance
Miscellaneous
 p - a phantom mirror


   Skills:
 + Level 18.9 Fighting
 + Level 19.6 Axes
 + Level 17.4 Armour
 + Level 10.7 Dodging
 + Level 1.4 Stealth


You had 10 spell levels left.
You didn't know any spells.
Your spell library was empty.

Dungeon Overview and Level Annotations

Branches:
Dungeon (1/1)

Altars:
Cheibriados
Dithmenos
Elyvilon
Fedhas
Gozag
Hepliaklqana
Kikubaaqudgha
Makhleb
Nemelex Xobeh
Okawaru
Ru
Sif Muna
Trog
Uskayaw
Vehumet
Wu Jian
Xom
Yredelemnul
Zin
The Shining One
Beogh
Jiyva
Lugonu

Shops:
D *!!:?[(?:[(([*==[*(?!:!*?=[

Annotations:
D exclusions: oklob plant and orange crystal statue, Roxanne


Innate Abilities, Weirdness & Mutations

You have a pair of horns on your head.
You reflexively headbutt those who attack you in melee.
Your system is resistant to poisons. (rPois)
Potions are less effective at restoring your health.


Message History

You start resting.
A deep elf high priest comes into view. It is wielding a +0 scimitar.
You slice the deep elf high priest!! You headbutt the deep elf high priest.
The deep elf high priest is moderately wounded.
You block the deep elf high priest's attack.
You closely miss the deep elf high priest.
The deep elf high priest is moderately wounded.
The deep elf high priest hits you with a +0 scimitar!
You hit the deep elf high priest but do no damage.
You headbutt the deep elf high priest.
The deep elf high priest is heavily wounded.
The deep elf high priest hits you but does no damage.
You miss the deep elf high priest. You headbutt the deep elf high priest!
The deep elf high priest is heavily wounded.
The deep elf high priest utters a dark prayer and points at you.
Your life force is offered up.
* * * LOW HITPOINT WARNING * * *
The deep elf high priest is healed.
You slash the deep elf high priest!
The deep elf high priest is severely wounded.
You block the deep elf high priest's attack.
You slash the deep elf high priest!
Your headbutt misses the deep elf high priest.
The deep elf high priest is almost dead.
The deep elf high priest hits you with a +0 scimitar!
* * * LOW HITPOINT WARNING * * *
You closely miss the golden dragon. You slash the golden dragon!
The golden dragon is lightly wounded.
The golden dragon barely misses you. The golden dragon claws you!
* * * LOW HITPOINT WARNING * * *
The golden dragon tramples you but does no damage.
You hit the golden dragon but do no damage.
The golden dragon is lightly wounded.
The golden dragon breathes fire at you. The bolt of fire hits you!
* * * LOW HITPOINT WARNING * * *
The deep elf high priest invokes the aid of its god against you.
Something smites you!
You die...

########### #.....÷D)e#
#.....@#..####
#'######'##..#
#∩∩∩∩∩∩#..'.##≈S§≈≈≈≈##
#∩∩∩∩∩∩#)2###§§§§≈≈§≈≈#
#########..'S≈S§§§≈≈≈≈≈
#...####S≈≈§≈≈§≈≈
2D.....≈##


S§SS≈ ############≈≈#+++#+++## ###########≈≈≈.........# You could see a golden
dragon and a deep elf high priest.

Vanquished Creatures
  A bone dragon (D)
  Kirke (D)
  A great orb of eyes (D)
  An ice dragon (D)
  A boulder beetle (D)
  A centaur warrior (D)
  A skeletal warrior (D)
  3 shining eyes (D)
  3 manticores (D)
  An elephant (D)
  An ice statue (D)
  A yaktaur (D)
  A kobold demonologist (D)
  3 polar bears (D)
  A hornet (D)
  4 water moccasins (D)
  5 necrophages (D)
  5 scorpions (D)
  An iron imp (D)
  3 worms (D)
  2 spectral bats (D)
  A tentacle (D)
42 creatures vanquished.

Vanquished Creatures (others)
  Menkaure (D)
  A water moccasin (D)
  16 tentacles (D)
18 creatures vanquished.

Grand Total: 60 creatures vanquished

Notes
Turn   | Place    | Note
-------+----------+-------------------------------------------
     0 | D        | boopmooplesden the Minotaur Berserker began the quest for
                  | the Orb.
     0 | D        | Reached XP level 1. HP: 19/19 MP: 0/0
     7 | D        | Reached skill level 4 in Axes
     9 | D        | Reached ** piety under Trog
    10 | D        | Reached XP level 2. HP: 28/28 MP: 1/1
    31 | D        | Killed a water moccasin
    39 | D        | Killed Menkaure
    40 | D        | Noticed a necrophage
    40 | D        | Noticed a necrophage
    40 | D        | Noticed a necrophage
    40 | D        | Noticed a necrophage
    43 | D        | Killed a necrophage
    44 | D        | Reached skill level 7 in Axes
    44 | D        | Reached XP level 3. HP: 39/39 MP: 2/2
    44 | D        | Reached XP level 4. HP: 47/47 MP: 3/3
    47 | D        | Killed a necrophage
    48 | D        | Reached skill level 9 in Axes
    48 | D        | Reached XP level 5. HP: 56/56 MP: 4/4
    50 | D        | Killed a necrophage
    51 | D        | Reached skill level 10 in Axes
    51 | D        | Reached skill level 5 in Armour
    51 | D        | Reached XP level 6. HP: 66/66 MP: 5/5
    52 | D        | Reached *** piety under Trog
    53 | D        | Reached skill level 10 in Fighting
    53 | D        | Reached skill level 11 in Axes
    53 | D        | Reached skill level 5 in Dodging
    84 | D        | Reached skill level 12 in Axes
    91 | D        | Reached XP level 7. HP: 39/74 MP: 6/6
    95 | D        | Reached **** piety under Trog
   317 | D        | Noticed a boulder beetle
   317 | D        | Noticed a boulder beetle
   324 | D        | Noticed an ice statue
   329 | D        | Found Jiapoto's Antique Armour Emporium.
   330 | D        | Found Dam Ilot's Distillery.
   330 | D        | Found Utuenueg's Book Shoppe.
   331 | D        | Found Gyabb's General Store.
   331 | D        | Found Hoimih's Antique Armour Shoppe.
   331 | D        | Found Zereit's Jewellery Shoppe.
   332 | D        | Found Ceofoklu's Armour Emporium.
   332 | D        | Found Paihuf's Antique Weapon Shoppe.
   332 | D        | Found Xuntetto's Distillery.
   332 | D        | Found Nuvvugoe's Weapon Shoppe.
   333 | D        | Found Rarhaes's Jewellery Shoppe.
   335 | D        | Noticed a hell hog
   341 | D        | Reached skill level 13 in Axes
   366 | D        | Found Ushidgh's Magic Scroll Shoppe.
   366 | D        | Found Odghewn's Weapon Emporium.
   366 | D        | Noticed a hell hog
   366 | D        | Noticed an oklob plant
   367 | D        | Found Xigram's Distillery.
   367 | D        | Found Ruitzun's Book Shoppe.
   367 | D        | Noticed a wyvern
   367 | D        | Noticed a wyvern
   594 | D        | Noticed a cane toad
   595 | D        | Noticed a cane toad
   596 | D        | Bought a +2 hat for 208 gold pieces
   596 | D        | Bought a +3 chain mail of poison resistance for 305 gold
                  | pieces
   627 | D        | Bought a glowing scarf for 168 gold pieces
   654 | D        | Found an iron altar of Okawaru.
   654 | D        | Found a radiant altar of Vehumet.
   654 | D        | Found a glowing silver altar of Zin.
   655 | D        | Found a sparkling altar of Nemelex Xobeh.
   655 | D        | Found a hide-covered altar of Uskayaw.
   656 | D        | Found an opulent altar of Gozag.
   656 | D        | Found a burning altar of Makhleb.
   656 | D        | Found a bloodstained altar of Trog.
   657 | D        | Found a blossoming altar of Fedhas.
   657 | D        | Found a corrupted altar of Lugonu.
   658 | D        | Found a white marble altar of Elyvilon.
   658 | D        | Found an ancient bone altar of Kikubaaqudgha.
   659 | D        | Found a shadowy altar of Dithmenos.
   661 | D        | Noticed a yaktaur
   661 | D        | Noticed a hornet
   661 | D        | Noticed a polar bear
   661 | D        | Noticed a polar bear
   669 | D        | Killed a polar bear
   670 | D        | Noticed a polar bear
   673 | D        | Killed a polar bear
   674 | D        | Reached skill level 14 in Axes
   674 | D        | Reached XP level 8. HP: 86/86 MP: 7/7
   679 | D        | Killed a hornet
   679 | D        | Reached ***** piety under Trog
   684 | D        | Killed a yaktaur
   684 | D        | Killed a polar bear
   685 | D        | Reached skill level 15 in Axes
   692 | D        | Found a snail-covered altar of Cheibriados.
   719 | D        | Found a viscous altar of Jiyva.
   719 | D        | Found a shimmering blue altar of Sif Muna.
   720 | D        | Found a hazy altar of Hepliaklqana.
   720 | D        | Found a sacrificial altar of Ru.
   728 | D        | Reached XP level 9. HP: 48/96 MP: 8/8
   730 | D        | Reached skill level 16 in Axes
   730 | D        | Noticed a kraken
   954 | D        | Found the dreamshard necklace {*Dream Drain}
  1473 | D        | Found a basalt altar of Yredelemnul.
  1474 | D        | Found a shimmering altar of Xom.
  1475 | D        | Found a glowing golden altar of the Shining One.
  1475 | D        | Found an ornate altar of the Wu Jian Council.
  1481 | D        | Identified Roxanne's Grimoire of Transmigration
  1481 | D        | Noticed Roxanne
  1677 | D        | Killed a boulder beetle
  1678 | D        | Reached skill level 15 in Fighting
  1966 | D        | Bought a +0 pair of boots for 58 gold pieces
  2029 | D        | Killed an ice statue
  2030 | D        | Reached skill level 17 in Axes
  2030 | D        | Reached skill level 10 in Armour
  2035 | D        | Noticed an orange crystal statue
  2354 | D        | Noticed a kobold demonologist
  2355 | D        | Noticed Kirke
  2381 | D        | Killed Kirke
  2382 | D        | Reached XP level 10. HP: 107/107 MP: 9/9
  2383 | D        | Noticed a yaktaur captain
  2407 | D        | Noticed a centaur warrior
  2420 | D        | Killed a centaur warrior
  2430 | D        | Noticed a skeletal warrior
  2450 | D        | Killed a skeletal warrior
  2450 | D        | Reached ****** piety under Trog
  2451 | D        | Reached skill level 18 in Axes
  2461 | D        | Noticed an elephant
  2478 | D        | Killed an elephant
  2526 | D        | Received a gift from Trog
  2633 | D        | Noticed a great orb of eyes
  2642 | D        | Paralysed by a great orb of eyes for 4 turns
  2649 | D        | Killed a great orb of eyes
  3046 | D        | Noticed a shining eye
  3046 | D        | Noticed a manticore
  3046 | D        | Noticed a manticore
  3046 | D        | Noticed an ice dragon
  3046 | D        | Noticed a shining eye
  3046 | D        | Noticed a manticore
  3049 | D        | Noticed a shining eye
  3052 | D        | Killed an ice dragon
  3052 | D        | Received a gift from Trog
  3053 | D        | Reached skill level 10 in Dodging
  3055 | D        | Killed a manticore
  3056 | D        | Reached skill level 15 in Armour
  3056 | D        | Reached skill level 1 in Stealth
  3058 | D        | Killed a manticore
  3059 | D        | Reached XP level 11. HP: 81/119 MP: 10/10
  3061 | D        | Killed a shining eye
  3062 | D        | Reached skill level 19 in Axes
  3063 | D        | Killed a shining eye
  3063 | D        | Gained mutation: Potions are less effective at restoring
                  | your health. [a shining eye]
  3065 | D        | Gained mutation: Your system is resistant to poisons.
                  | (rPois) [a shining eye]
  3067 | D        | Killed a shining eye
  3104 | D        | Found Wumoa's General Store.
  3104 | D        | Found Ymecyaxu's Magic Scroll Shop.
  3104 | D        | Found Destraone's Distillery.
  3104 | D        | Found Raplip's Antique Armour Shoppe.
  3104 | D        | Found Tiusius's Antique Armour Boutique.
  3105 | D        | Found Dacylucs's Book Shoppe.
  3105 | D        | Found Dimniow Nory's Assorted Antiques.
  3105 | D        | Found Bulaisot's Antique Weapon Emporium.
  3105 | D        | Found Idexor's Assorted Antiques.
  3105 | D        | Found Koheca's Jewellery Emporium.
  3105 | D        | Found Zitaam's Magic Scroll Shop.
  3105 | D        | Found Gequx's Magic Scroll Shoppe.
  3110 | D        | Bought a smoking chain mail for 266 gold pieces
  3110 | D        | Identified the +1 chain mail of Resonant the Leaf {rC-
                  | Int+4 Dex+4} (You bought it in a shop in the Dungeon)
  3122 | D        | Bought an amulet of reflection for 390 gold pieces
  3275 | D        | Noticed a golden dragon
  3275 | D        | Noticed a cacodemon
  3323 | D        | Noticed a bone dragon
  3340 | D        | Killed a bone dragon
  3340 | D        | Received a gift from Trog
  3358 | D        | Noticed a deep elf high priest
  3367 | D        | HP: 3/121 [golden dragon/bolt of fire (8)]
  3367 | D        | Killed from afar by a deep elf high priest

Illustrated notes

Levels and vault maps discovered:
D:        the_violet_keep_of_menkaure [sprint2_stairs_cluster_1,
          sprint2_shoproom, sprint2_temple, sprint2_basic_supplies,
          sprint2_obstacle_2, sprint2_obstacle_6, sprint2_obstacle_7,
          sprint2_obstacle_4, sprint2_obstacle_5, sprint2_timed_cluster_1,
          sprint2_smallroom_cluster_1, sprint2_smallroom_final_cluster_1,
          sprint2_transparent_cluster_1, sprint2_second_timed_cluster_1,
          sprint2_sniper_area_1, sprint2_heavy_combat_area_1,
          sprint2_mutation_trap_area_1, sprint2_forest_area_1,
          sprint2_light_combat_area_1, sprint2_behind_water_1,
          sprint2_near_end_vault_1]

Skill      XL: |  1  2  3  4  5  6  7  8  9 10 11 |
---------------+----------------------------------+-----
Fighting       | 4 7 8 9 11 13 14 16 18 | 18.9
Axes           | 4 7 9 10 12 14 15 17 18 19 | 19.6
Armour         | 4 5 6 7 8 11 15 17 | 17.4
Dodging        | 3 4 5 7 8 9 10 | 10.7
Stealth        | 1 |  1.4

Action                   |  1- 3 |  4- 6 |  7- 9 | 10-12 || total
-------------------------+-------+-------+-------+-------++-------
Melee: Hand axe          |     7 |    22 |   119 |    43 ||   191
       Headbutt          |     4 |     5 |    23 |    25 ||    57
       Broad axe         |       |       |       |    49 ||    49
       Punch             |       |       |       |     2 ||     2
       Battleaxe         |       |       |       |     9 ||     9
Invok: Berserk           |     2 |       |     5 |     3 ||    10
  Use: Scroll            |       |       |     8 |       ||     8
       Potion            |       |       |     3 |       ||     3
Armor: Animal skin       |       |     1 |     1 |       ||     2
       Chain mail        |       |       |    60 |    53 ||   113
Dodge: Dodged            |     1 |     9 |    40 |    38 ||    88
Block: Other             |       |       |       |     5 ||     5
